 Dungeon Crawl Stone Soup version 0.27.1-33-g824d729ab1 (webtiles) character file.

Game seed: 16930037817986224445

4326 pkoi the Grappler (level 10, -3/77 HPs)
             Began as a Purple Draconian Monk on Jan 1, 2022.
             Was an Initiate of Gozag.
             Slain by a gnoll sergeant (4 damage)
             ... on level 8 of the Dungeon.
             The game lasted 00:13:26 (9651 turns).

pkoi the Grappler (Purple Draconian Monk)           Turns: 9651, Time: 00:13:26

Health: -3/77      AC:  9    Str: 25    XL:     10   Next: 11%
Magic:  10/10      EV: 15    Int: 13    God:    Gozag
Gold:   800        SH:  0    Dex: 19    Spells: 9/9 levels left

rFire    . . .     SeeInvis .     - Unarmed
rCold    . . .     Faith    .   (no shield)
rNeg     . . .     Spirit   .   (armour unavailable)
rPois    .         Reflect  .   i - +1 hat
rElec    .         Harm     .   t - +0 cloak of Yredelemnul's Fury {Rampage rCorr Str+4}
rCorr    +         Rampage  +   (no gloves)
Will     +....                  (no boots)
Stlth    ++........             p - amulet of regeneration
HPRegen  1.22/turn              a - +6 ring of dexterity
MPRegen  0.12/turn              q - +6 ring of strength

@: lethally poisoned (-3 -> -5)
A: breathe power, AC +7, unfitting armour, cold-blooded
a: Breathe Dispelling Energy, Renounce Religion, Potion Petition, Call Merchant,
Bribe Branch


You were on level 8 of the Dungeon.
You worshipped Gozag.
Gozag was pleased with you.
You visited 2 branches of the dungeon, and saw 10 of its levels.

You collected 1221 gold pieces.
You spent 421 gold pieces at shops.

Inventory:

Hand Weapons
 c - a +0 dagger
 d - a +0 whip
 k - a +1 hand axe of venom
 o - a +2 whip of electrocution
 r - a +3 dagger of freezing
Missiles
 u - 42 poisoned darts (quivered)
Armour
 i - a +1 hat (worn)
 t - the +0 cloak of Yredelemnul's Fury (worn) {Rampage rCorr Str+4}
   (You bought it in a shop on level 1 of the Dungeon)

   Str:       It affects your strength (+4).
   rCorr:     It protects you from acid and corrosion.
   Rampage:   It bestows one free step when moving towards enemies.
Jewellery
 a - a +6 ring of dexterity (left hand)
 j - an amulet of reflection
 n - a +4 ring of evasion
 p - an amulet of regeneration (around neck)
 q - a +6 ring of strength (right hand)
Wands
 e - a wand of flame (58)
 g - a wand of charming (1)
 s - a wand of iceblast (3)
 v - a wand of digging (2)
 x - a wand of polymorph (5)
Scrolls
 b - 5 scrolls of teleportation
 f - 2 scrolls of amnesia
 h - 5 scrolls of identify
 w - a scroll of enchant armour
 y - a scroll of holy word
 z - a scroll of fog
Potions
 l - a potion of invisibility
 m - a potion of haste


   Skills:
 - Level 3.2 Fighting
 + Level 5.5 Dodging
 - Level 1.7 Stealth
 * Level 12.5 Unarmed Combat
 - Level 6.0 Evocations


You had 9 spell levels left.
You didn't know any spells.
Your spell library contained the following spells:

 Spells                   Type           Power      Damage    Failure   Level
 Magic Dart               Conj           0%         1d3       30%         1
 Pain                     Necr           0%         1d4       30%         1
 Call Imp                 Summ           0%         N/A       43%         2
 Ensorcelled Hibernation  Hex/Ice        0%         N/A       43%         2
 Call Canine Familiar     Summ           0%         N/A       67%         3
 Gell's Gravitas          Tloc           0%         N/A       67%         3
 Ignite Poison            Fire/Tmut/Pois 0%         N/A       67%         3
 Mephitic Cloud           Conj/Pois/Air  0%         N/A       67%         3
 Portal Projectile        Hex/Tloc       0%         N/A       67%         3
 Spider Form              Tmut/Pois      0%         N/A       67%         3
 Teleport Other           Tloc           0%         N/A       67%         3
 Leda's Liquefaction      Hex/Erth       0%         N/A       97%         4
 Agony                    Necr           0%         N/A       100%        5
 Bolt of Magma            Conj/Fire/Erth 0%         4d4       100%        5
 Excruciating Wounds      Necr           0%         N/A       100%        5
 Dispersal                Tloc           0%         N/A       100%        6
 Shadow Creatures         Summ           N/A        N/A       100%        6


Dungeon Overview and Level Annotations

Branches:
Dungeon (9/15)             Temple (1/1) D:4
   Lair: D:8-11         Orc: D:9-12

Altars:
Ashenzari
Cheibriados
Dithmenos
Elyvilon
Fedhas
Gozag
Hepliaklqana
Kikubaaqudgha
Makhleb
Nemelex Xobeh
Okawaru
Qazlal
Ru
Sif Muna
Trog
Uskayaw
Vehumet
Wu Jian
Xom
Yredelemnul
Zin

Shops:
D:1 [   D:2 **!   D:3 !   D:7 =

Annotations:
D:6 1 runed translucent door, hilljack's ghost, novice HuCj


Innate Abilities, Weirdness & Mutations

You can breathe bolts of dispelling energy.
Your rich purple scales are hard. (AC +7)
You cannot fit into any form of body armour.
You are cold-blooded and may be slowed by cold attacks.


Message History

The killer bee misses you. The gnoll sergeant closely misses you.
An orc wizard comes into view. It is wielding a +0 dagger.
A kobold brigand comes into view.
It is wielding a +0 dagger and quivering curare-tipped darts.
Aiming: Throw Flame
Press: ? - help, Shift-Dir - straight line, f/p - gnoll
Aim: a gnoll, wielding a +0 halberd (77% to hit)
The puff of flame hits the killer bee.
The killer bee is moderately wounded.
You feel very sick.
The gnoll is no longer distracted by gold.
The killer bee stings you!
* * * LOW HITPOINT WARNING * * *
You are more poisoned.
The killer bee poisons you! The killer bee closely misses you.
The gnoll sergeant closely misses you.
You feel very sick. The killer bee closely misses you.
An orc wizard comes into view. It is wielding a +0 antimagic dagger.
The orc wizard casts a spell.
The orc wizard flickers and vanishes!
Deactivating autopickup; reactivate with Ctrl-A.
You feel very sick.
The killer bee stings you but does no damage.
You feel very sick. The killer bee closely misses you.
The killer bee stings you.
* * * LOW HITPOINT WARNING * * *
You are more poisoned.
The killer bee poisons you!
You feel very sick. The killer bee misses you.
The sentinel's mark upon you fades away.
You feel very sick.
The killer bee stings you but does no damage.
There is a stone staircase leading up here.
You feel very sick. The killer bee barely misses you.
The gnoll sergeant hits you from afar with a +1 vorpal trident!
* * * LOW HITPOINT WARNING * * *
You die...
Your body crumbles into a pile of gold.

#..............# #..#
.............!.## #..#
.<..............# #..#######
................# #.........
.....#######+#..###o#############
.....# #.#......########....#
#....# #####'##.##..#.......g...#
#....# #........##..#.######.#..#
#....# #....).).@#o.#..).....# .'
#....# #....)).#y#..########K# #
#....# #.......#.g...ggK.....#
#....# #.......##.#.########.#
#....###.......#......# #.# ##
.................#..#.# #.# #<
########......####..#.# #.# ##
...................># # #.#
########......####### #.#


You could see a gnoll sergeant and a killer bee.

Vanquished Creatures
  A kobold demonologist (D:6)
  Prince Ribbit (D:5)
  A wyvern (D:8)
  3 yaks (D:5)
  4 sky beasts
  A black bear (D:7)
  A necrophage (D:7)
  A hornet zombie (D:6)
  2 ice beasts
  2 ogres
  5 centaurs
  2 bullfrogs
  A wyvern zombie (D:7)
  2 killer bees
  6 wights
  4 centaur zombies
  A bullfrog zombie (D:5)
  5 hounds
  4 jellies
  2 bullfrog skeletons (D:5)
  A gnoll shaman (D:7)
  6 orc priests
  4 orc wizards
  A killer bee zombie (D:7)
  The ghost of dnasty the Skirmisher, a weakling GrMo (D:4)
  8 gnolls
  A howler monkey skeleton (D:7)
  3 adders
  3 white imps
  4 worms
  A dart slug (D:1)
  33 orcs
  4 bats
  5 endoplasms
  6 giant cockroaches
  7 goblins
  7 hobgoblins
  4 jackals (D:2)
  5 quokkas
  8 ball pythons
  4 frilled lizards
  4 kobolds
  7 rats
176 creatures vanquished.

Vanquished Creatures (others)
  A killer bee (D:8)
1 creature vanquished.

Grand Total: 177 creatures vanquished

Notes
Turn   | Place    | Note
-------+----------+-------------------------------------------
     0 | D:1      | pkoi the Draconian Monk began the quest for the Orb.
     0 | D:1      | Reached XP level 1. HP: 19/19 MP: 1/1
   193 | D:1      | Reached XP level 2. HP: 14/26 MP: 2/2
   635 | D:1      | Found Ruesumug's Antique Armour Shoppe.
   657 | D:1      | Reached skill level 4 in Unarmed Combat
  1091 | D:1      | Reached XP level 3. HP: 31/31 MP: 3/3
  1693 | D:2      | Found Wudwoatt's Assorted Antiques.
  1826 | D:2      | Found Uruk Rip's Distillery.
  1831 | D:2      | Bought a potion of degeneration for 10 gold pieces
  2241 | D:2      | Found Etrikhli's General Store.
  2249 | D:2      | Bought a +0 hat for 56 gold pieces
  2360 | D:3      | Reached skill level 5 in Unarmed Combat
  2360 | D:3      | Reached XP level 4. HP: 21/38 MP: 4/4
  2703 | D:3      | Found Ackiliag's Distillery.
  2827 | D:3      | Found a faded altar of an unknown god.
  3978 | D:4      | Found a staircase to the Ecumenical Temple.
  3991 | Temple   | Entered the Ecumenical Temple
  4074 | Temple   | Became a worshipper of Gozag Ym Sagoz the Greedy
  4199 | D:2      | Bought a potion of mutation for 80 gold pieces
  4253 | D:5      | Entered Level 5 of the Dungeon
  4362 | D:4      | Found a runed translucent door.
  4364 | D:4      | Noticed dnasty's ghost (weakling GrMo)
  4425 | D:4      | Reached XP level 5. HP: 45/45 MP: 5/5
  4498 | D:4      | Found a runed translucent door.
  4850 | D:4      | Killed dnasty's ghost
  4851 | D:4      | Reached skill level 6 in Unarmed Combat
  5828 | D:5      | Reached XP level 6. HP: 41/51 MP: 6/6
  5840 | D:5      | Reached skill level 7 in Unarmed Combat
  6355 | D:5      | Reached skill level 9 in Unarmed Combat
  6355 | D:5      | Your scales start taking on a rich purple colour.
  6355 | D:5      | Reached XP level 7. HP: 56/57 MP: 7/7
  6385 | D:5      | Reached skill level 1 in Evocations
  6473 | D:5      | Reached XP level 8. HP: 47/63 MP: 8/8
  6673 | D:1      | Bought a fine cloak for 275 gold pieces
  6673 | D:1      | Identified the +0 cloak of Yredelemnul's Fury {Rampage
                  | rCorr Str+4} (You bought it in a shop on level 1 of the
                  | Dungeon)
  6943 | D:6      | Noticed Prince Ribbit
  7095 | D:5      | Killed Prince Ribbit
  7180 | D:6      | Noticed a kobold demonologist
  7274 | D:6      | Reached skill level 10 in Unarmed Combat
  7358 | D:6      | Reached skill level 5 in Evocations
  7596 | D:6      | You fall into a shaft and drop 3 floors!
  7625 | D:9      | Reached XP level 9. HP: 49/68 MP: 9/9
  7821 | D:5      | Reached skill level 11 in Unarmed Combat
  7988 | D:6      | Found a runed translucent door.
  7989 | D:6      | Noticed hilljack's ghost (novice HuCj)
  8407 | D:6      | Noticed a soul eater
  8413 | D:6      | Killed a kobold demonologist
  8609 | D:7      | Reached skill level 12 in Unarmed Combat
  8622 | D:7      | Reached skill level 5 in Dodging
  8803 | D:7      | Found Olloikk's Jewellery Shop.
  9160 | D:7      | Reached XP level 10. HP: 77/77 MP: 10/10
  9651 | D:8      | HP: 1/77 [gnoll sergeant (11)]
  9651 | D:8      | Slain by a gnoll sergeant

Illustrated notes

Levels and vault maps discovered:
D:1:      psy_arrival_heroes, layout_basic, serial_shops, shop
D:2:      layout_loops_ring, serial_shops, nicolae_square_shop,
          nicolae_shop_stone, shop
D:3:      layout_rooms, hellmonk_ecumenical_altar_lost_god, serial_shops,
          nicolae_shop_temple_entry_statues_fountains
D:4:      layout_cave_pods, minmay_temple_entry_trees, ebering_ghost_sewer_f,
          amethyst_killhole
D:5:      layout_cave_pools
D:6:      minmay_clustersquares, layout_cave_pools, gammafunk_ghost_grave,
          uniq_prince_ribbit1
D:7:      layout_rooms, minmay_shop_enchanted_jewellery
D:8:      layout_basic, sword_in_stone
D:9:      layout_basic, serial_shops, shop
Temple:   compressed_dpeg_circular_temple

Skill      XL: |  1  2  3  4  5  6  7  8  9 |
---------------+----------------------------+-----
Unarmed Combat | 4 5 6 9 10 12 | 12.5
Evocations     | 2 5 6 |  6.0
Dodging        | 3 5 |  5.5
Fighting       | |  3.2
Stealth        | |  1.7

Action                   |  1- 3 |  4- 6 |  7- 9 | 10-12 || total
-------------------------+-------+-------+-------+-------++-------
Melee: Unarmed           |   150 |   180 |   213 |    53 ||   596
       Tailslap          |    19 |    32 |    52 |     7 ||   110
       Punch             |     1 |     2 |    23 |     1 ||    27
       Hand axe          |       |     9 |     8 |       ||    17
       Whip              |       |       |    19 |       ||    19
Throw: Dart              |       |       |    17 |       ||    17
 Abil: Breathe Dispellin |       |       |     2 |       ||     2
Evoke: Wand              |       |       |       |     4 ||     4
  Use: Scroll            |     3 |     4 |     3 |       ||    10
       Potion            |       |     3 |     5 |       ||     8
 Stab: Sleeping          |     3 |     1 |     4 |       ||     8
       Distracted        |       |       |     1 |       ||     1
Armor: Skin              |    29 |    55 |    89 |    15 ||   188
Dodge: Dodged            |    85 |   129 |   159 |    44 ||   417
